[Event "Late-Titled-Tuesday-Blitz-May-14-2024"]
[Site "Chess.com"]
[Date "2024.05.14"]
[Round "8"]
[White "Zq1"]
[Black "jaramsdal"]
[Result "0-1"]
[WhiteElo "2574"]
[BlackElo "2376"]
[TimeControl "180+1"]
[EndTime "15:28:10 PDT"]
[Termination "jaramsdal won by resignation"]

1. e4 c5 2. Nf3 d6 3. d4 cxd4 4. Nxd4 Nf6 5. Nc3 g6 6. Be2 Bg7 7. Be3 O-O 8. Qd2 Nc6 9. O-O-O Bd7 10. h4 h5 11. Kb1 Qa5 12. Nb3 Qc7 13. Nd5 Nxd5 14.
exd5 Ne5 15. Bd4 Bf5 16. Rc1 Rfc8 17. f4 Nc4 18. Bxc4 Qxc4 19. Bxg7 Kxg7 20. Rhe1 Rc7 21. Qd4+ Qxd4 22. Nxd4 Kf6 23. b3 Rac8 24. Kb2 Rc3 25. Re2 a6 26. a4 R8c5 27. Rd2 Rg3 28.
c4 Rg4 29. b4 Rc8 30. c5 Rxf4 31. c6 b6 32. g3 Rg4 33. Rc3 Be4 34. Nf3 Rxg3 35.
Ng5 Rg4 36. Rf2+ Bf5 37. Ka3 Rxh4 38. Re3 Kxg5 39. Rxe7 Rd4 40. Rxf7 Rxd5 41. c7 Rd3+ 42. Kb2 h4 43. Rc2 Rd4 44. Rc6 Rxb4+ 45. Kc3 Rxa4 46. Rxd6 h3 47. Rd8 h2 48. Rxf5+ Kxf5 49. Rxc8 h1=Q 50. Rf8+ Kg5 51. c8=Q Qc1+ 52. Kb3 Qxc8 53.
Rxc8 Rf4 54. Rc6 Rf6 55. Rc8 a5 56. Ra8 Kf5 57. Rd8 g5 58. Rd5+ Kg6 59. Rd4 Kh5 60. Rd5 Kh4 61. Rd8 g4 0-1

[Event "Late-Titled-Tuesday-Blitz-May-14-2024"]
[Site "Chess.com"]
[Date "2024.05.14"]
[Round "8"]
[White "Boninknights"]
[Black "Balla_Tamas"]
[Result "1/2-1/2"]
[WhiteElo "2387"]
[BlackElo "2532"]
[TimeControl "180+1"]
[EndTime "15:28:15 PDT"]
[Termination "Game drawn - timeout vs insufficient material"]

1. d4 d5 2. Nf3 Nf6 3. c4 e6 4.
Nc3 c5 5. cxd5 exd5 6. Bg5 Be6 7. e4 cxd4 8. Nxd4 dxe4 9. Nxe6 Qxd1+ 10. Rxd1 fxe6 11. Bb5+ Nc6 12. Bxc6+ bxc6 13. O-O Be7 14. Rfe1 Rb8 15. b3 Bb4 16. Bd2 Rd8 17. Nxe4 Bxd2 18.
Nxd2 Kf7 19. Nc4 Rd5 20. Ne5+ Ke7 21. Nxc6+ Kd6 22. Nxa7 Kc5 23. Rc1+ Kb6 24. Nc6 Rd2 25. a4 Nd5 26. Rxe6 Nf4 27. Ne5+ Nxe6 28. Nc4+ Kc5 29. Nxd2+ Kb4 30. Rc4+ Ka3 31. Kf1 Rd8 32. Ke1 Nd4 33.
Rc7 Kb2 34. Nf3 Re8+ 35. Kf1 Nxb3 36. Rxg7 h5 37. g3 Kc2 38. Rg5 Kd3 39. Rxh5 Rf8 40. Kg2 Ke4 41. Rh4+ Kd3 42. Rb4 Nc1 43. h4 Kc3 44.
Rb5 Nd3 45. h5 Kc4 46. h6 Rh8 47. Rh5 Nc5 48. h7 Ne6 49. Kh3 Ng7 50. Rh4+ Kd5 51. Kg4 Ne6 52. Kf5 Nd8 53. Kg6 Re8 54. h8=Q Re6+ 55.
Kf5 Nc6 56. Qd4+ Nxd4+ 57. Nxd4 Kc5 58. Nxe6+ Kb6 1/2-1/2

[Event "Late-Titled-Tuesday-Blitz-May-14-2024"]
[Site "Chess.com"]
[Date "2024.05.14"]
[Round "8"]
[White "Rsnr"]
[Black "Oleksandr_Bortnyk"]
[Result "0-1"]
[WhiteElo "2903"]
[BlackElo "3055"]
[TimeControl "180+1"]
[EndTime "15:28:16 PDT"]
[Termination "Oleksandr_Bortnyk won on time"]

1. d4 Nf6 2. c4 b6 3. f3 Nc6 4. Nc3 Bb7 5. d5 Ne5 6. e4 e6 7. f4 Ng6 8. e5 Bb4 9. exf6 Qxf6 10. Ne2 exd5 11. cxd5 O-O 12. Qd4 Qd6 13. f5 Bc5 14. Qd1 Ne5 15. Bf4 Rae8 16. Qd2 Nd3+ 17. Qxd3 Qxf4 18.
Qf3 Qb4 19. O-O-O Re3 20. Qf4 Rxc3+ 21. bxc3 Qxf4+ 22. Nxf4 Be3+ 23. Kc2 Bxf4 24. c4 d6 25. Bd3 Bc8 26. g3 Be5 27. Rhe1 Bd7 28. Kb3 Rb8 29. a4 a6 30. Rb1 Kf8 31. Re2 Ke7 32. Ka3 a5 33. c5 Kf6 34. cxb6 cxb6 35.
Rc1 Rb7 36. g4 b5 37. axb5 Bxb5 38. Bxb5 Rxb5 39. Rd1 Rb4 40. h3 Kg5 41. Re3 Bb2+ 42. Ka2 Be5 43. Ka3 h6 44. Rb3 Rxb3+ 45. Kxb3 Kh4 46.
Rd3 Bg3 47. f6 gxf6 48. Rf3 Be5 49. Ka4 f5 50. gxf5 Bg3 51. Re3 Kxh3 52. Re7 f6 53. Rh7 Bf4 54. Rf7 Be5 55. Rh7 Kg4 56. Rxh6 Kxf5 57.
Kxa5 Ke4 58. Kb4 f5 59. Kc4 f4 60. Rh7 f3 61. Rf7 Ke3 62. Rf5 f2 63. Kb5 Ke2 64. Kc6 f1=Q 0-1

[Event "Late-Titled-Tuesday-Blitz-May-14-2024"]
[Site "Chess.com"]
[Date "2024.05.14"]
[Round "8"]
[White "doublesik"]
[Black "Aygehovit1992"]
[Result "0-1"]
[WhiteElo "2548"]
[BlackElo "2833"]
[TimeControl "180+1"]
[EndTime "15:28:16 PDT"]
[Termination "Aygehovit1992 won by resignation"]

1. d4 Nf6 2. c4 g6 3. Nc3 Bg7 4. e4 d6 5. Nf3 O-O 6. Be2 e5 7. O-O Na6 8. Re1 Bg4 9. d5 Nc5 10. Nd2 Nd3 11. Rf1 Qd7 12. f3 Nxc1 13. Rxc1 Bh5 14.
g4 Bh6 15. gxh5 Nxh5 16. f4 Nxf4 17. Bg4 f5 18. Bf3 Qe7 19. Kh1 Qh4 20. Rc2 Rf7 21. Nb3 Raf8 22. Rcf2 Nh3 23. Rg2 Ng5 24. Be2 fxe4 25. Rxf7 Rxf7 26. Qg1 Nf3 27. Qf2 Qf4 28.
Rg3 Nd4 29. Qe1 e3 30. Nc1 Qf2 31. Nd3 Qxe1+ 32. Nxe1 Rf2 33. Rg2 Bf4 34. Kg1 a6 35. Rxf2 exf2+ 36. Kxf2 Bxh2 37. Nf3 Nxf3 38. Bxf3 Kg7 39.
Ne4 b6 40. b4 Bf4 41. a3 Kf7 42. Bg2 Ke7 43. Kf3 h5 44. Nc3 g5 45. Ne4 g4+ 46. Ke2 h4 47. Nf2 g3 48. Ne4 b5 49. cxb5 axb5 50. Bh3 Bc1 51. Nc3 Bxa3 52. Nxb5 Bxb4 53. Nxc7 Bc5 54. Kf3 Kf6 55. Kg4 Bf2 56. Bg2 Kg6 57.
Kxh4 Kf5 58. Kh5 e4 59. Nb5 Ke5 60. Nc3 e3 61. Kg4 Kd4 62. Ne2+ Kd3 63. Nxg3 Bxg3 64.
Bf3 Be5 65. Kf5 e2 0-1

[Event "Late-Titled-Tuesday-Blitz-May-14-2024"]
[Site "Chess.com"]
[Date "2024.05.14"]
[Round "8"]
[White "VelandiaSaurio"]
[Black "Nor1lsk"]
[Result "0-1"]
[WhiteElo "2631"]
[BlackElo "2786"]
[TimeControl "180+1"]
[EndTime "15:28:17 PDT"]
[Termination "Nor1lsk won on time"]

1. d4 g6 2. Nf3 Bg7 3. c4 c5 4.
d5 d6 5. Nc3 Bxc3+ 6. bxc3 f5 7. e4 fxe4 8. Ng5 Nf6 9. Qe2 Qa5 10. Bd2 Nbd7 11. Nxe4 Nxe4 12. Qxe4 Nf6 13. Qe3 Bf5 14. Bd3 Ng4 15. Qe2 Bxd3 16. Qxd3 Ne5 17.
Qh3 Nxc4 18. Bh6 Qc7 19. Rb1 Nb6 20. O-O Qd7 21. Qd3 O-O-O 22. Rfe1 Rhe8 23. Bg5 Qf5 24. Rbd1 Qxg5 25. c4 Qf5 26. Re4 e6 27. Qe2 e5 28. a4 Nxa4 29. Re3 Nb6 30. Ra1 Kc7 31. h3 Nc8 32. Rf3 Qd7 33. Rb1 Rf8 34. Ra3 b6 35.
Qb2 Kb8 36. Qa2 Rf4 37. Rab3 Qc7 38. Qd2 Rxc4 39. R3b2 Rd4 40. Qe3 Rxd5 41. Qf3 Rd4 42. Ra2 e4 43. Qe3 d5 44. Qe2 Rd3 45. Qe1 d4 46. Rc1 e3 47. fxe3 Rxe3 48. Qf2 Rde8 49. Rf1 d3 50. Qf6 Re2 51. Raa1 d2 52. Rad1 c4 53.
Qc3 Qc5+ 54. Kh1 b5 55. Rxd2 Rxd2 56. Qxd2 c3 57. Qd7 Re7 58. Qd3 c2 59. Rc1 Rc7 60. h4 b4 61. Kh2 a5 62. Kh1 a4 63. Kh2 b3 64. Qf3 b2 65. Rxc2 Qxc2 0-1

[Event "Late-Titled-Tuesday-Blitz-May-14-2024"]
[Site "Chess.com"]
[Date "2024.05.14"]
[Round "8"]
[White "ozates"]
[Black "Naruto-K"]
[Result "1-0"]
[WhiteElo "2657"]
[BlackElo "2502"]
[TimeControl "180+1"]
[EndTime "15:28:20 PDT"]
[Termination "ozates won by checkmate"]

1. e4 e6 2. d4 d5 3. Nc3 Nf6 4.
Bg5 h6 5. Bxf6 Qxf6 6. exd5 Bb4 7. dxe6 Bxe6 8. Nf3 O-O 9. Bd3 Rd8 10. h3 c5 11. O-O cxd4 12. Ne4 Qf4 13. a3 Be7 14. Re1 Nc6 15. Ng3 Qc7 16. Qe2 Bd6 17. Qe4 Bxg3 18. Qh7+ Kf8 19. fxg3 Qxg3 20. Rf1 Ke7 21. Rae1 Kd6 22.
Nd2 Kc7 23. Ne4 Qe5 24. Nf6 Qg5 25. Ne4 Qe5 26. Nd2 Qg5 27. Nf3 Qg3 28. Ne5 Nxe5 29. Qe4 Nc6 30. Bb5 Rd5 31. Bc4 Rg5 32. Bxe6 fxe6 33.
Rf7+ Kb6 34. a4 Re5 35. a5+ Kxa5 36. Ra1+ Kb6 37. Qd3 a5 38. Qxg3 Rb5 39. Qb3 Rxb3 40.
cxb3 Re8 41. Rxg7 e5 42. Rg6 e4 43. Kf2 e3+ 44. Ke2 Kb5 45. Rxh6 Nb4 46. Rh5+ Kb6 47.
Rd1 d3+ 48. Ke1 e2 49. Rd2 Rf8 50. Rxe2 dxe2 51. Kxe2 Rg8 52. g4 Re8+ 53. Kf3 Nc6 54. Rh6 Kb5 55. Rh5+ Kb4 56. Rh7 b5 57. g5 Nd4+ 58.
Kg4 Nxb3 59. h4 Nc5 60. h5 Nd3 61. Rd7 Nxb2 62. g6 Nc4 63. Kg5 Ne5 64. Rd5 Kc4 65.
Rd1 b4 66. h6 b3 67. g7 b2 68. h7 Nf7+ 69. Kf6 Nd6 70. g8=Q+ Rxg8 71. hxg8=Q+ Kc3 72. Qg3+ Kc2 73. Qd3# 1-0

[Event "Late-Titled-Tuesday-Blitz-May-14-2024"]
[Site "Chess.com"]
[Date "2024.05.14"]
[Round "8"]
[White "rhwr"]
[Black "PapaieDudu"]
[Result "1-0"]
[WhiteElo "2307"]
[BlackElo "2353"]
[TimeControl "180+1"]
[EndTime "15:28:21 PDT"]
[Termination "rhwr won by resignation"]

1. e4 c5 2. Be2 Nc6 3. f4 e6 4.
Nf3 d5 5. d3 Nf6 6. e5 Nd7 7. c3 Be7 8. d4 O-O 9. O-O f6 10. Be3 fxe5 11. fxe5 b6 12. Nbd2 Ndb8 13. Bd3 Ba6 14. Bxa6 Nxa6 15. Qe2 Nc7 16. Rf2 Qe8 17.
Raf1 Qg6 18. Ne1 Rxf2 19. Rxf2 Rf8 20. Rxf8+ Kxf8 21. Nd3 cxd4 22. cxd4 Qf5 23. a3 Bg5 24. Bf2 Bxd2 25. Qxd2 Nb5 26. Nb4 Qb1+ 27. Qe1 Qxe1+ 28. Bxe1 Ncxd4 29. Kf2 a5 30. Nd3 Nc6 31. Ke3 Nbd4 32. Bg3 Nf5+ 33. Kf4 Ncd4 34. Bf2 Ne2+ 35. Kf3 Ned4+ 36.
Kf4 h6 37. h4 Nc6 38. g4 Nfe7 39. g5 Ng6+ 40. Kg3 hxg5 41. hxg5 Ngxe5 42. Nxe5 Nxe5 43. Bxb6 Nc4 44. Bd4 a4 45. Kf4 Kf7 46. Bc3 Kg6 47. Bd4 Kh5 48. Bxg7 Nd6 49. Be5 Nc4 50. Bc3 Kg6 51. Bd4 Nd2 52. Bc3 Ne4 53. Ke5 Nxg5 54. Kd4 Kf5 55. Kc5 Ne4+ 56. Kb4 Nxc3 57.
bxc3 e5 58. Kxa4 e4 59. Kb3 e3 60. Kc2 Ke4 61. Kd1 Kd3 62. a4 Kxc3 63. a5 e2+ 64.
Kxe2 d4 65. Kd1 1-0

[Event "Late-Titled-Tuesday-Blitz-May-14-2024"]
[Site "Chess.com"]
[Date "2024.05.14"]
[Round "8"]
[White "Szparu"]
[Black "Jospem"]
[Result "0-1"]
[WhiteElo "2897"]
[BlackElo "3029"]
[TimeControl "180+1"]
[EndTime "15:28:23 PDT"]
[Termination "Jospem won on time"]

1. e4 c5 2. c3 Nf6 3. e5 Nd5 4. d4 cxd4 5. Nf3 Nc6 6. Bc4 Nb6 7. Bb3 d5 8. exd6 e6 9. cxd4 Bxd6 10. Nc3 O-O 11. O-O Ne7 12. Re1 Bd7 13. Ne5 Ng6 14.
Nxd7 Qxd7 15. Qh5 Bf4 16. Be3 Bxe3 17. fxe3 Rac8 18. Ne4 Nd5 19. Ng5 h6 20. Nf3 a5 21.
e4 Ndf4 22. Qxa5 e5 23. dxe5 Qg4 24. Qd2 Rfd8 25. Bd5 Rc5 26. b4 Rc3 27. Rf1 Rd3 28.
Qc2 Rc8 29. Qb2 Nxd5 30. exd5 Rxd5 31. Kh1 Nf4 32. Qf2 Nd3 33. Qe3 Nxb4 34. Rad1 Qc4 35. e6 Rxd1 36. exf7+ Qxf7 37. Rxd1 Qxa2 38. h3 Nc6 39.
Rd7 b5 40. Qc3 Qb1+ 41. Kh2 Qg6 42. Ne5 Qe6 43. Nxc6 Qxd7 44. Ne7+ Qxe7 45. Qxc8+ Qf8 46. Qe6+ Kh8 47. Qb6 Qf4+ 48. Kh1 Qc4 49. Qd8+ Kh7 50.
Qe8 Qd3 51. Qb8 Qc4 52. Qf8 Qd5 53. Kh2 Qe5+ 54. Kh1 Qe4 55. Kh2 b4 56. Qb8 Qd4 57. Qf8 Qe5+ 58. Kh1 b3 59. Qb4 b2 60. g3 Kg6 61.
Kg2 Qe2+ 62. Kh1 Qd1+ 63. Kg2 Qc2+ 64. Kf3 b1=Q 65. Qd6+ Kh7 0-1

[Event "Late-Titled-Tuesday-Blitz-May-14-2024"]
[Site "Chess.com"]
[Date "2024.05.14"]
[Round "8"]
[White "djano"]
[Black "KaydenTroffChess"]
[Result "0-1"]
[WhiteElo "2550"]
[BlackElo "2849"]
[TimeControl "180+1"]
[EndTime "15:28:24 PDT"]
[Termination "KaydenTroffChess won on time"]

1. Nf3 Nf6 2. g3 g6 3. Bg2 Bg7 4. O-O O-O 5. b3 Ne4 6. d4 d5 7. Bb2 c5 8. e3 Nc6 9. Nbd2 Qa5 10. Nxe4 dxe4 11. Ne5 Nxe5 12. dxe5 Bf5 13. Qd5 Qc7 14. Bxe4 Rad8 15. Qxb7 Qxb7 16. Bxb7 Rd2 17. Rac1 Rfd8 18. e4 Bg4 19. Bc3 Re2 20. Ba6 Rxe4 21. Bd3 Rxe5 22.
Bxe5 Bxe5 23. Rfe1 Bf6 24. Be2 Bf5 25. Rcd1 Rb8 26.
Bd3 Bg4 27. Be2 Bf5 28. c4 Bc3 29. Rf1 Bh3 30. Rd5 Bxf1 31. Kxf1 Bd4 32. Rd7 a5 33.
Bf3 a4 34. Rb7 Rxb7 35. Bxb7 a3 36. Ke2 Kg7 37. f4 Kf6 38. h3 e5 39. Kf3 exf4 40. gxf4 Kg7 41. Bd5 f6 42. Be6 Kh6 43. Bg8 Bc3 44.
Ke4 Bb4 45. Kf3 Kg7 46. Bd5 Bd2 47. Be4 f5 48. Bd5 Kf6 49. h4 Be1 50. h5 gxh5 51.
Bg8 h6 52. Bh7 h4 53. Bg8 h3 54. Bd5 Bd2 55. Kg3 h2 56. Kxh2 Bxf4+ 57. Kg2 Ke5 58. Kf3 Bg5 59. Bf7 Kd4 60. Be6 f4 61. Bf7 Kc3 62.
Be6 Kb2 63. b4 Kxa2 64. b5 Bd8 65. b6 Bxb6 0-1

[Event "Late-Titled-Tuesday-Blitz-May-14-2024"]
[Site "Chess.com"]
[Date "2024.05.14"]
[Round "8"]
[White "zajka-molotok"]
[Black "ShahMatKanal"]
[Result "1-0"]
[WhiteElo "2557"]
[BlackElo "2389"]
[TimeControl "180+1"]
[EndTime "15:28:25 PDT"]
[Termination "zajka-molotok won on time"]

1. b3 d6 2. Bb2 Nf6 3. e3 g6 4.
Nf3 Bg7 5. Be2 O-O 6. d4 c6 7.
O-O Qc7 8. c4 Nbd7 9. Nc3 a5 10.
Rc1 Rd8 11. d5 Nc5 12. Nd2 e6 13. dxc6 bxc6 14. Qc2 Ba6 15. Rfd1 Qe7 16. Ba3 Qa7 17.
Nf3 Bf8 18. Nd4 Bb7 19. Bf3 Rac8 20. g3 e5 21. Nde2 Ne6 22. Ne4 Nxe4 23. Bxe4 c5 24. Nc3 Qa8 25. Nd5 Bxd5 26. Bxd5 Qa7 27. f4 Bg7 28. f5 Nc7 29. fxg6 hxg6 30. Qg2 a4 31.
Bb2 Nxd5 32. Qxd5 axb3 33. axb3 Rb8 34. Rd3 Rb6 35. Rf1 Rdb8 36. Bc1 Qe7 37. e4 Qe6 38. Qxe6 fxe6 39. Rff3 R8b7 40. Kf2 Ra7 41. Ke2 Ra2+ 42. Rd2 Ra1 43. Bb2 Ra2 44. Kd1 Bh6 45. Rdf2 Bg7 46.
Kc2 Ra7 47. Bc3 Ra2+ 48. Bb2 Ra7 49. Rd3 Rab7 50. Rfd2 Bf8 51. h4 Bh6 52. Rd1 Bf8 53.
Rf1 Bg7 54. Ra1 Kh7 55. Ra8 Kh6 56. Bc1+ Kh5 57. Rd8 d5 58. cxd5 exd5 59. R8xd5 Kg4 60. Rxc5 Ra6 61. Rc4 Rf7 62. b4 Ra2+ 63. Kb3 Ra1 64. Bb2 Re1 65. Rd5 Rf3+ 66. Ka4 Rfe3 67. Bxe5 Bh6 68.
Bf4 1-0

[Event "Late-Titled-Tuesday-Blitz-May-14-2024"]
[Site "Chess.com"]
[Date "2024.05.14"]
[Round "8"]
[White "Hikaru"]
[Black "sergoy"]
[Result "1-0"]
[WhiteElo "3234"]
[BlackElo "3011"]
[TimeControl "180+1"]
[EndTime "15:28:28 PDT"]
[Termination "Hikaru won on time"]

1. b3 e5 2. Bb2 Nc6 3. e3 Nf6 4. Bb5 Bd6 5. Na3 e4 6. Nc4 Be7 7. Bxc6 dxc6 8. f3 O-O 9. Ne2 a5 10. Ng3 exf3 11. Qxf3 Bg4 12. Qf4 Be6 13. Nf5 Bxf5 14.
Qxf5 Qd5 15. Qf3 a4 16. Ke2 Rfd8 17. d3 Qe6 18. Rhf1 Nd5 19. Qg3 Bf6 20. Bxf6 Nxf6 21.
e4 Qg4+ 22. Qxg4 Nxg4 23. h3 Nf6 24. b4 a3 25. Rab1 Nd7 26. Rb3 f6 27. Na5 Ra7 28. Nc4 Nf8 29. Ke3 Ne6 30. c3 b6 31. d4 Re8 32. h4 h6 33. g3 Nd8 34. Rxa3 Rxa3 35.
Nxa3 Nf7 36. Nc4 Ra8 37. Ra1 g5 38. a4 Kg7 39. a5 b5 40. Nd2 Nd6 41. Kd3 Kg6 42.
a6 Kh5 43. Nb3 Kg4 44. Nc5 Kxg3 45. hxg5 fxg5 46. e5 Nc4 47. e6 g4 48. a7 Kh2 49.
e7 g3 50. Ne6 g2 51. Nxc7 Rxa7 52. e8=Q Rxa1 53. Qh5+ Kg3 54. Qg6+ Kh2 55. Qxh6+ Kg3 56. Qg5+ Kh3 57. Ne6 Rf1 58. Ke2 Nd6 59. Qg6 Ne4 60.
Qh5+ Kg3 61. Qe5+ Kh3 62. Nf4+ Kg4 63. Nxg2 Ng3+ 64. Qxg3+ Kxg3 65. Kxf1 Kf3 66. Ke1 Kxg2 67. Ke2 1-0

[Event "Late-Titled-Tuesday-Blitz-May-14-2024"]
[Site "Chess.com"]
[Date "2024.05.14"]
[Round "8"]
[White "Evgeny81"]
[Black "Durarbayli"]
[Result "0-1"]
[WhiteElo "2772"]
[BlackElo "2944"]
[TimeControl "180+1"]
[EndTime "15:28:29 PDT"]
[Termination "Durarbayli won on time"]

1. e4 e5 2. Nf3 Nc6 3. Bb5 a6 4. Bxc6 dxc6 5. Nc3 f6 6. d4 Bg4 7. dxe5 Qxd1+ 8. Nxd1 Bxf3 9. gxf3 fxe5 10. Ne3 Bd6 11. b3 Ne7 12. Bb2 O-O 13. Ke2 Rf6 14. Rag1 Raf8 15. Rg3 Ng6 16. h4 Nf4+ 17. Kd1 Nh5 18.
Rg5 g6 19. Rhg1 Nf4 20. Bxe5 Bxe5 21. Rxe5 Nh3 22. Rg3 Rxf3 23. Rxf3 Rxf3 24. Re8+ Kf7 25. Rc8 Rf4 26. Rxc7+ Ke6 27. Rxh7 Nxf2+ 28. Ke2 Nxe4 29.
Rxb7 Rf2+ 30. Ke1 Rf3 31. Nc4 Rc3 32. Kd1 Rh3 33. Rb6 Kd5 34. Kc1 Rxh4 35. Rxa6 g5 36. Ra8 g4 37. Rg8 g3 38. a4 Kc5 39. a5 Kb5 40. Rb8+ Ka6 41. Ra8+ Kb7 42. Rg8 Rh5 43. Rg7+ Ka6 44. Rg6 Rg5 45. Rxg5 Nxg5 46. Ne3 Kxa5 47. Kd2 Kb4 48. Kd3 c5 49. Ke2 Kc3 50. Nf5 Kxc2 51.
Nxg3 Kxb3 52. Kd2 c4 53. Ne2 Ne6 54. Kc1 Nc5 55. Nd4+ Kc3 56. Nb5+ Kb4 57. Nd6 c3 58. Kc2 Ne6 59. Ne4 Nd4+ 60. Kc1 c2 61. Nf2 Kc3 62. Ne4+ Kb3 63. Nd2+ Kc3 64. Ne4+ Kd3 65. Nc5+ Kc4 66. Ne4 Kb3 67. Nd2+ Kb4 68. Ne4 Kc4 69. Nd2+ Kd3 70. Nf1 Ne2+ 0-1

[Event "Late-Titled-Tuesday-Blitz-May-14-2024"]
[Site "Chess.com"]
[Date "2024.05.14"]
[Round "8"]
[White "Mikayel99"]
[Black "Individoom"]
[Result "1-0"]
[WhiteElo "2639"]
[BlackElo "2780"]
[TimeControl "180+1"]
[EndTime "15:28:30 PDT"]
[Termination "Mikayel99 won by checkmate"]

1. d4 Nf6 2. Nf3 g6 3. g3 Bg7 4.
Bg2 O-O 5. O-O d6 6. Nbd2 Nbd7 7. b3 e5 8. dxe5 Ng4 9. Bb2 Ngxe5 10. Qc1 Re8 11.
e3 Qe7 12. Nxe5 Nxe5 13. Nf3 h5 14. Nxe5 dxe5 15. h4 c6 16. c4 Bg4 17. Qc3 Rad8 18.
f3 Be6 19. Rad1 g5 20. hxg5 Qxg5 21. f4 Qxg3 22. Rxd8 Rxd8 23. f5 Bc8 24. e4 Qxc3 25. Bxc3 Rd3 26. Rf3 Rd1+ 27. Rf1 Rxf1+ 28. Kxf1 b5 29.
c5 Bd7 30. Bf3 h4 31. Kg2 Bf6 32. Kh3 Kg7 33. Kg4 Kh6 34. Bd2+ Kg7 35. Be1 Kh6 36. Bd2+ Kg7 37. Be1 Bc8 38. b4 Be7 39. Bxh4 Bxh4 40. Kxh4 Bd7 41. Bh5 Kf6 42. Kg4 Bc8 43. Kh4 Bd7 44.
Bd1 Kg7 45. Be2 Be8 46. Bh5 Kf6 47. Kg4 Bd7 48. Kh4 Bc8 49. a3 Bd7 50. Bd1 Kg7 51. Bb3 Kf6 52. Kh5 Kg7 53. Kg5 f6+ 54.
Kh4 Kh6 55. Ba2 Kg7 56. Bb3 Kh6 57. a4 a6 58. a5 Kg7 59. Ba2 Kh6 60. Bg8 Kg7 61.
Bb3 Kh6 62. Be6 Bxe6 63. fxe6 Kg6 64. Kg4 Kg7 65. Kf5 Kf8 66. Kxf6 Ke8 67. Kxe5 Ke7 68. Kf5 Ke8 69. Kf6 Kf8 70. e7+ Ke8 71. e5 Kd7 72. Kf7 Kc7 73. e8=Q Kb7 74. Qd7+ Kb8 75. Ke7 Ka8 76.
Kd6 Kb8 77. Kxc6 Ka8 78. Kb6 Kb8 79. Qd8# 1-0

[Event "Late-Titled-Tuesday-Blitz-May-14-2024"]
[Site "Chess.com"]
[Date "2024.05.14"]
[Round "8"]
[White "WindWhistler11"]
[Black "BardArtem"]
[Result "0-1"]
[WhiteElo "2534"]
[BlackElo "2742"]
[TimeControl "180+1"]
[EndTime "15:28:30 PDT"]
[Termination "BardArtem won by resignation"]

1. c4 e6 2. g3 d5 3. Bg2 Nf6 4. Nf3 h6 5. b3 Bd6 6. O-O O-O 7. Bb2 Re8 8. e3 b6 9. Nc3 a6 10. Ne2 Bb7 11. d4 Nbd7 12. Rc1 Qe7 13. Nf4 dxc4 14. bxc4 e5 15. dxe5 Nxe5 16. Nd5 Nxd5 17. cxd5 Nxf3+ 18. Qxf3 Rad8 19. Rfd1 Bc8 20. h4 Bd7 21. Bf1 a5 22.
Bd3 Bc5 23. Rc4 Qd6 24. Rf4 Re7 25. e4 f6 26. Re1 Rde8 27. Qh5 Rf8 28. Qg6 Be8 29.
Qf5 Qd7 30. Qxd7 Bxd7 31. Bc4 Bd6 32. Rf3 b5 33. Bd3 Rfe8 34. Bc3 b4 35. Bd2 f5 36. Rfe3 fxe4 37. Rxe4 Rxe4 38. Rxe4 Rxe4 39. Bxe4 a4 40. Bc2 Kf7 41. Kf1 Bb5+ 42. Ke1 a3 43. Bb3 Bd3 44. Be3 Be4 45. Bd4 g5 46. hxg5 hxg5 47.
Ke2 Kg6 48. Ke3 Bf5 49. Bc4 g4 50. Bh8 Be7 51. Bd4 Bg5+ 52. Ke2 Bb1 53. Bb3 Be4 54.
Bc5 Kf5 55. Bxb4 Bc1 56. Ba5 Ke5 57. Bxc7+ Kd4 58. Bf4 Bf3+ 59. Ke1 Bxf4 60. gxf4 Bxd5 61. Bxd5 Kxd5 62. Ke2 Ke4 63. Kd2 Kxf4 64. Kc3 Kf3 65. Kb3 Kxf2 66. Kxa3 g3 67. Kb4 g2 68. a4 g1=Q 69. a5 Qg8 70. Kb5 Qb8+ 71. Ka6 Qa8+ 72. Kb6 Kg3 73. a6 Kf4 74. a7 Ke5 0-1

[Event "Late-Titled-Tuesday-Blitz-May-14-2024"]
[Site "Chess.com"]
[Date "2024.05.14"]
[Round "8"]
[White "Cambek64"]
[Black "schondeln"]
[Result "1/2-1/2"]
[WhiteElo "2484"]
[BlackElo "2360"]
[TimeControl "180+1"]
[EndTime "15:28:30 PDT"]
[Termination "Game drawn - insufficient material"]

1. c3 d5 2. d4 Nf6 3. Bf4 Bf5 4. e3 c6 5. Bd3 Bg6 6. Nf3 Nbd7 7. O-O e6 8. Ne5 Nxe5 9. dxe5 Nd7 10. Bg3 Be7 11.
f4 Bxd3 12. Qxd3 g6 13. Nd2 Qb6 14. Rab1 h5 15. Bf2 Qa6 16. Qxa6 bxa6 17. e4 O-O 18.
exd5 cxd5 19. Rfd1 Rfb8 20. c4 Bc5 21. cxd5 exd5 22.
Nf3 Bxf2+ 23. Kxf2 Nb6 24. b3 a5 25. a4 Rc8 26.
Rbc1 Rab8 27. Nd4 Kf8 28. Nc6 Rb7 29. Nxa5 Rxc1 30. Rxc1 Rd7 31. g3 d4 32. Ke2 d3+ 33.
Kd2 Nd5 34. Rc4 h4 35. Rd4 Ke7 36. Rxd3 hxg3 37. hxg3 Ke6 38. Nc6 a6 39. Nd4+ Ke7 40. Nc2 Ke6 41. Ke2 Rc7 42. Nd4+ Ke7 43. Kf3 Nb4 44.
Rd2 Rc3+ 45. Kg2 Nd3 46. a5 f6 47. exf6+ Kxf6 48. Nf3 Rxb3 49. Rc2 Rb2 50. Rxb2 Nxb2 51. Nd2 g5 52. Kf3 gxf4 53. gxf4 Nd3 54. Ke3 Nc5 55.
Nc4 Nb7 56. Ke4 Ke6 57. f5+ Kf6 58. Kf4 Nc5 59. Nb6 Nb3 60. Nc4 Nc5 61. Ke3 Kxf5 62. Kd4 Nb3+ 63. Kd5 Nxa5 64. Nxa5 Kg4 65. Kc6 Kh3 66. Kb6 Kh2 67. Kxa6 1/2-1/2

[Event "Late-Titled-Tuesday-Blitz-May-14-2024"]
[Site "Chess.com"]
[Date "2024.05.14"]
[Round "8"]
[White "Atanejhad"]
[Black "karinachess1"]
[Result "0-1"]
[WhiteElo "2487"]
[BlackElo "2628"]
[TimeControl "180+1"]
[EndTime "15:28:34 PDT"]
[Termination "karinachess1 won by resignation"]

1. d4 Nf6 2. c4 e6 3. Nf3 d5 4. Nc3 Bb4 5. Qc2 c5 6. a3 Bxc3+ 7. bxc3 O-O 8. e3 b6 9. Bd3 Ba6 10. Nd2 Nc6 11. O-O Na5 12. cxd5 Bxd3 13. Qxd3 exd5 14.
a4 c4 15. Qe2 Re8 16. f3 Qe7 17. Re1 Rac8 18. Ba3 Qe6 19. e4 dxe4 20. fxe4 Nb3 21. Nxb3 cxb3 22. e5 Rxc3 23. a5 Nd5 24. axb6 axb6 25.
Bd6 h6 26. Qe4 Rc2 27. Qf3 b2 28. Rab1 Nc3 29. Qd3 Qg6 30. Qxg6 fxg6 31. Ba3 Nxb1 32. Rxb1 Rc1+ 33. Rxc1 bxc1=Q+ 34. Bxc1 Kf7 35. Kf2 Ke6 36. Ke3 Kd5 37. Bb2 b5 38. Kd3 Rc8 39. Bc3 Rc4 40.
h3 b4 41. Bb2 b3 42. Bc3 Rc8 43. g3 h5 44. g4 hxg4 45. hxg4 Rh8 46. Bb2 Rh3+ 47.
Kd2 Kc4 48. e6 Rh2+ 49. Ke3 Kd5 50. e7 Rh8 51. Kd3 Re8 52. Ba3 Rc8 53. Bc5 b2 54. Kc2 Rb8 55. Kb1 g5 56. Ba3 Ke6 57. Bc5 Kd7 58.
d5 g6 59. d6 Rc8 60. Ba3 Rc4 61. Kxb2 Rxg4 62. Kc3 Rf4 63. Kd3 Rf5 64. Ke4 g4 65. Bb4 g3 66. Bc3 g2 67. Bd4 Rf1 68. Kd5 g1=Q 69. e8=Q+ Kxe8 70. Bxg1 Rxg1 71. Ke6 Kd8 72. Kf6 g5 73. Kf5 Kd7 74. Ke4 Kxd6 75. Kf3 Ra1 76. Kf2 Ra5 0-1

[Event "Late-Titled-Tuesday-Blitz-May-14-2024"]
[Site "Chess.com"]
[Date "2024.05.14"]
[Round "8"]
[White "duone"]
[Black "DonPreuss"]
[Result "0-1"]
[WhiteElo "2417"]
[BlackElo "2239"]
[TimeControl "180+1"]
[EndTime "15:28:34 PDT"]
[Termination "DonPreuss won by checkmate"]

1. e4 Nc6 2. d4 e5 3. Nf3 exd4 4. Nxd4 Bc5 5. Be3 Qf6 6. c3 Bb6 7. Bc4 Qg6 8. O-O d6 9. Nd2 Ne5 10. Be2 Bh3 11. Bf3 Nf6 12. Kh1 Nxf3 13. Qxf3 Bg4 14. Qg3 h5 15. f3 h4 16. Qf2 Bd7 17. Nc4 O-O-O 18. a4 Bxd4 19. cxd4 d5 20. Ne5 Qh5 21. Rfc1 dxe4 22. Qc2 c6 23. fxe4 h3 24. g3 Rhe8 25. Bf4 Ng4 26. Qe2 f6 27. Nxg4 Bxg4 28. Rxc6+ bxc6 29. Qa6+ Kd7 30. Rc1 Bf3+ 31. Kg1 Bxe4 32. Qb7+ Ke6 33. Re1 Qf3 34. Qxc6+ Kf7 35. Qc4+ Kg6 36.
Qf1 Qh1+ 37. Kf2 Qf3+ 38. Kg1 Qg2+ 39. Qxg2 Bxg2 40. Rc1 Rxd4 41. Kf2 Rde4 42. Rc2 Rxa4 43. b3 Rb4 44. Rb2 Reb8 45. Bxb8 Rxb8 46. Ke3 Re8+ 47. Kd4 Be4 48. Re2 f5 49. g4 Rd8+ 50. Ke5 Re8+ 51. Kf4 Rd8 52. gxf5+ Bxf5 53. Ra2 Kf6 54. Ra6+ Be6 55.
Rxa7 g6 56. Ra6 Rd4+ 57. Ke3 Rb4 58. Ra3 Rxb3+ 59. Rxb3 Bxb3 60. Kf3 Be6 61. Kg3 Kg5 62. Kf2 Kf4 63. Kg1 g5 64. Kh1 g4 65. Kg1 g3 66.
Kh1 Bd5+ 67. Kg1 Ke3 68. hxg3 Kf3 69. Kh2 Kg4 70. Kg1 Kxg3 71. Kf1 h2 72. Ke2 h1=Q 73. Kd3 Qe4+ 74. Kc3 Qc4+ 75. Kd2 Qb3 76. Ke2 Qc3 77. Kd1 Qb2 78. Ke1 Qc2 79. Kf1 Qf2# 0-1